 Dungeon Crawl Stone Soup version 0.31.0-1-g2c135a0 (webtiles) character file.

Game seed: 2508501101220495771

2014 brinewave the Magician (level 9, -3/65 HPs)
             Began as a Mummy Alchemist on Jan 26, 2024.
             Slain by an unseen horror (10 damage)
             ... on level 5 of the Dungeon.
             The game lasted 00:21:37 (5540 turns).

brinewave the Magician (Mummy Alchemist)            Turns: 5540, Time: 00:21:38

Health: -3/65      AC:  3    Str: 12    XL:     9   Next: 2%
Magic:  15/17      EV: 12    Int: 24    God:
Gold:   323        SH:  0    Dex: 12    Spells: 12/19 levels left

rFire   x . .        r - +2 whip (elec)
rCold   + . .        (no shield)
rNeg    + + +        a - +0 robe
rPois   ∞            (no helmet)
rElec   .            (no cloak)
rCorr   .            c - +0 pair of gloves
SInv    .            (no boots)
Will    +....        (no amulet)
Stlth   ++           o - +6 ring of intelligence
HPRegen 0.30/turn    q - ring of flight
MPRegen 0.15/turn

%: faith
@: flying
A: cold resistance 1, negative energy resistance 3, torment resistance 2, heat
vulnerability 1, in touch with death 1, no potions, faith
a: no special abilities


You were on level 5 of the Dungeon.
You visited 1 branch of the dungeon, and saw 5 of its levels.

You collected 323 gold pieces.

Inventory:

Hand Weapons
 e - a +3 short sword
 m - a +2 dagger of freezing
 r - a +2 whip of electrocution (weapon)
 u - a +1 vampiric dagger
Missiles
 b - 3 boomerangs
 p - 14 poisoned darts
Armour
 a - a +0 robe (worn)
 c - a +0 pair of gloves (worn)
 d - the +0 leather armour "Mockorei" {Regen+ Str-3 Dex+3}
   (You found it on level 2 of the Dungeon)

   Str-3:     It affects your strength (-3).
   Dex+3:     It affects your dexterity (+3).
   Regen+:    It increases your rate of health regeneration.
Jewellery
 o - a +6 ring of intelligence (left hand)
 q - a ring of flight (right hand)
Wands
 l - a wand of iceblast (2)
Scrolls
 f - 2 scrolls of teleportation {unknown}
 g - a scroll of summoning {unknown}
 h - 5 scrolls of identify {unknown}
 i - a scroll of vulnerability {unknown}
 j - a scroll of revelation {unknown}
 k - a scroll of fog {unknown}
 n - 2 scrolls of enchant weapon {unknown}
 s - 4 scrolls of noise {unknown}
 t - a scroll of amnesia {unknown}
 v - a scroll of fear {unknown}


   Skills:
 + Level 3.8 Fighting
 - Level 1.5 Dodging
 + Level 3.9 Stealth
 + Level 5.5 Spellcasting
 * Level 4.6 Conjurations
 * Level 4.1 Air Magic
 * Level 5.2 Alchemy


You had 12 spell levels left.
You knew the following spells:

 Your Spells              Type           Power      Damage    Failure   Level
a - Sting                 Conj/Alch      100%       1d9       1%          1
b - Shock                 Conj/Air       100%       1d9       1%          1
c - Searing Ray           Conj           56%        2d6       1%          2
d - Mephitic Cloud        Conj/Alch/Air  28%        N/A       3%          3

Your spell library contained the following spells:

 Spells                   Type           Power      Damage    Failure   Level
 Magic Dart               Conj           100%       1d8       1%          1
 Mercury Vapours          Alch/Air       58%        N/A       1%          2
 Kiss of Death            Conj/Necr      100%       2d13      3%          1
 Swiftness                Air            26%        N/A       4%          3
 Stone Arrow              Conj/Erth      34%        3d9       10%         3
 Olgreb's Toxic Radiance  Alch           31%        N/A       10%         4
 Fulminant Prism          Conj/Alch      15%        3d10      11%         4
 Ensorcelled Hibernation  Hex/Ice        12%        N/A       13%         2
 Airstrike                Air            13%        2d(2-18)  16%         4
 Confusing Touch          Hex            6%         N/A       26%         3
 Passwall                 Erth           6%         N/A       26%         3
 Sticky Flame             Fire/Alch      19%        2d6       28%         4
 Animate Armour           Summ/Erth      12%        N/A       63%         4
 Dispel Undead            Necr           9%         3d8       63%         4
 Lehudib's Crystal Spear  Conj/Erth      8%         10d4      100%        8


Dungeon Overview and Level Annotations

Branches:
Dungeon (5/15)
 Temple: D:4-7

Altars:
Ashenzari
Fedhas
Gozag
Ru
Yredelemnul

Shops:
D:3 *


Innate Abilities, Weirdness & Mutations

You are immune to poison.
Your flesh is cold resistant. (rC+)
You are immune to negative energy. (rN+++)
You are immune to unholy pain and torment.
You are vulnerable to heat. (rF-)
You are in touch with the powers of death.
You do not drink.
You have a special connection with the divine. (Faith)


Message History

Casting: Sting (safe; 1% risk of failure)
Confirm with . or Enter, or press ? or * to list all spells.
Aiming: Shock (safe; 1% risk of failure)
Press: ? - help, Shift-Dir - straight line, f - jackal
Aim: a jackal (67% to hit)
The zap hits the jackal!
You kill the jackal!
Casting: Shock (safe; 1% risk of failure)
Confirm with . or Enter, or press ? or * to list all spells.
Okay, then.
Casting: Shock (safe; 1% risk of failure)
Confirm with . or Enter, or press ? or * to list all spells.
Aiming: Shock (safe; 1% risk of failure)
Press: ? - help, Shift-Dir - straight line The zap hits something.
You hear a splashing noise.
Deactivating autopickup; reactivate with Ctrl-A.
You hit something.
You hear a splashing noise.
Something hits you!
You hear a splashing noise. x2
Something hits you!
You hit something. Something hits you! Something hits you but does no damage.
You hit something. Your punch misses something. Something hits you! x3
* * * LOW HITPOINT WARNING * * *
Something hits you but does no damage. Something hits you!
* * * LOW HITPOINT WARNING * * *
Casting: Shock (safe; 1% risk of failure)
Confirm with . or Enter, or press ? or * to list all spells.
You can't see any susceptible monsters within range! (Use Z to cast anyway.) Unknown command.
Casting: Shock (safe; 1% risk of failure)
Confirm with . or Enter, or press ? or * to list all spells.
Aiming: Searing Ray (safe; 1% risk of failure)
Press: ? - help, Shift-Dir - straight line The searing ray hits something. (Press . to maintain the ray.)
Something hits you!
You die...

......#.#≈.~P.. #.# #.# #
......#~#≈S..P. +#.# #.# ##
.....##~##≈~?P. #..###.#########.
#...##~##########~##.............
#...#~##≈[~P. #~~#.##.##########
#...#~#S≈[P~. #~##.##.# #
#...#.#S.~P.. #.#..##.#
##)##.#≈≈/~.. +#.#.###.##########
....#'##≈$... #.@#...............
.......########.##..##.........>.
........†.....###..###.##.###...#
................................#
..........###....................
.#.####....##......####.#####...#
.#.# #.##..#.......# #.# #...#
†..####.###.#.......# #.# #...#
...##........##.#.#.# ### #####


There were no monsters in sight!

Vanquished Creatures
  Sigmund (D:3)
  5 yaks
  A black bear (D:4)
  An ogre (D:5)
  A centaur (D:5)
  A phantom (D:5)
  5 scorpions
  A howler monkey (D:4)
  A hound (D:4)
  2 bombardier beetles
  An orc priest (D:4)
  3 iguanas
  Ijyb (D:3)
  3 orc wizards (D:5)
  6 adders
  2 white imps (D:5)
  A ribbon worm (D:3)
  16 orcs
  8 endoplasms
  A giant cockroach (D:2)
  8 goblins
  5 hobgoblins
  11 jackals
  3 quokkas
  7 ball pythons
  3 bats
  A frilled lizard (D:3)
  8 kobolds
  5 rats
112 creatures vanquished.

Notes
Turn   | Place    | Note
-------+----------+-------------------------------------------
     0 | D:1      | brinewave the Mummy Alchemist began the quest for the Orb.
     0 | D:1      | Reached XP level 1. HP: 13/13 MP: 4/4
   197 | D:1      | Reached skill level 1 in Conjurations
   204 | D:1      | Reached XP level 2. HP: 18/19 MP: 1/5
   267 | D:1      | HP: 1/20 [quokka (2)]
   527 | D:1      | Reached skill level 1 in Fighting
   675 | D:2      | Reached XP level 3. HP: 26/26 MP: 4/7
  1171 | D:2      | Identified the +0 leather armour "Mockorei" {Regen+ Str-3
                  | Dex+3}
  1612 | D:2      | Reached XP level 4. HP: 30/32 MP: 5/8
  1824 | D:2      | Learned a level 1 spell: Shock
  1858 | D:3      | Noticed Ijyb
  1877 | D:3      | Killed Ijyb
  2232 | D:3      | Found a blossoming altar of Fedhas.
  2348 | D:3      | Noticed Sigmund
  2366 | D:3      | Killed Sigmund
  2367 | D:3      | Reached skill level 1 in Air Magic
  2367 | D:3      | Reached XP level 5. HP: 26/38 MP: 8/10
  2367 | D:3      | Reached XP level 6. HP: 30/44 MP: 8/11
  2482 | D:3      | Found a basalt altar of Yredelemnul.
  2522 | D:3      | Found Retar's General Store.
  3253 | D:4      | Found a broken altar of Ashenzari.
  3595 | D:5      | Entered Level 5 of the Dungeon
  3625 | D:5      | Noticed a yak
  3626 | D:5      | Noticed a yak
  3627 | D:5      | Noticed a yak
  3691 | D:4      | HP: 1/44 [black bear (5)]
  3693 | D:4      | Reached XP level 7. HP: 2/50 MP: 4/13
  4494 | D:5      | Learned a level 2 spell: Searing Ray
  4659 | D:4      | Learned a level 3 spell: Mephitic Cloud
  4668 | D:5      | Noticed a yak
  4683 | D:5      | Killed a yak
  4684 | D:5      | Reached XP level 8. HP: 57/57 MP: 6/15
  4859 | D:4      | Reached skill level 5 in Spellcasting
  4981 | D:5      | Found a sacrificial altar of Ru.
  4992 | D:5      | Reached skill level 5 in Alchemy
  5160 | D:5      | Found an opulent altar of Gozag.
  5268 | D:5      | Reached XP level 9. HP: 57/65 MP: 13/17
  5540 | D:5      | Slain by an unseen horror

Illustrated notes

Levels and vault maps discovered:
D:1:      ncdulo_halloftheorcs, layout_rooms
D:2:      layout_basic
D:3:      layout_loops_corners, fedhas_altar_2, mainiacjoe_overflow_chevrons,
          serial_shops, shop, uniq_sigmund, uniq_ijyb
D:4:      layout_rooms, overflow_temple_1_default
D:5:      cheibrodos_two_vegetables, layout_rooms, old_standard_altar,
          amcnicky_altar_gilded, serial_bayou_pond_b

Skill      XL: |  1  2  3  4  5  6  7  8 |
---------------+-------------------------+-----
Conjurations   | 1 2 3 4 |  4.6
Fighting       | 1 2 3 |  3.8
Stealth        | 2 3 |  3.9
Spellcasting   | 3 4 5 |  5.5
Alchemy        | 3 4 5 |  5.2
Air Magic      | 1 2 4 |  4.1
Dodging        | |  1.5

Action                     |  1- 3 |  4- 6 |  7- 9 || total
---------------------------+-------+-------+-------++-------
  Melee: Dagger            |    34 |       |       ||    34
         Short sword       |    46 |    24 |       ||    70
         Punch             |     2 |       |       ||     2
         Whip              |       |    28 |    38 ||    66
  Throw: Dart              |       |     3 |       ||     3
   Cast: Sting             |    54 |    74 |    50 ||   178
         Shock             |       |       |    30 ||    30
         Searing Ray       |       |       |     7 ||     7
  Evoke: Wand              |       |     1 |       ||     1
   Stab: Sleeping          |     3 |     1 |       ||     4
 Armour: Robe              |    72 |    38 |    80 ||   190
  Dodge: Dodged            |   101 |    56 |    46 ||   203
